[Event "*** Titled Tuesday Blitz"]
[Site "Chess.com"]
[Date "2020.11.24"]
[Round "4"]
[White "GM_LOADING"]
[Black "theblitzchamp"]
[Result "1-0"]
[WhiteElo "2482"]
[BlackElo "2604"]
[TimeControl "180+1"]
[EndTime "10:55:21 PST"]
[Termination "GM_LOADING won by checkmate"]

1. Nf3 d5 2. g3 Bf5 3. Bg2 e6 4. c4 c6 5. Qb3 Qb6 6. d3 Nd7 7. Be3 Nc5 8. Qc2 dxc4 9. Qxc4 Qxb2 10. O-O Qb5 11. Qxb5 cxb5 12. Nd4 a6 13. Nxf5 exf5 14. Rc1 Nd7 15. Bxb7 Rb8 16. Bxa6 Bd6 17. Nc3 b4 18. Nb5 Be5 19. d4 Bf6 20. Nd6+ Kf8 21. Bc4 Nh6 22. Bxh6 gxh6 23. Nxf7 Rg8 24. Nxh6 Rg5 25. Nf7 Rg6 26. e3 Nb6 27. Bb3 f4 28. Ne5 Bxe5 29. dxe5 fxe3 30. fxe3 Re8 31. Rf1+ Kg7 32. Rf5 Re7 33.
Raf1 Rc6 34. e6 Nc8 35. Rf7+ Kg6 36. R1f6+ Kg5 37. Kg2 h5 38. h4+ Kg4 39. Bd1# 1-0

[Event "*** Titled Tuesday Blitz"]
[Site "Chess.com"]
[Date "2020.11.24"]
[Round "4"]
[White "oykuince"]
[Black "BikingBrian"]
[Result "0-1"]
[WhiteElo "1973"]
[BlackElo "2256"]
[TimeControl "180+1"]
[EndTime "10:55:22 PST"]
[Termination "BikingBrian won on time"]

1. e4 c5 2. Nf3 g6 3. d4 cxd4 4. Qxd4 Nf6 5. e5 Nc6 6. Qa4 Nd5 7. Qb3 Nc7 8. Bc4 Ne6 9. Bxe6 dxe6 10. O-O Bg7 11. Bf4 Qc7 12. Re1 O-O 13. Nc3 a6 14. a4 b6 15. Rad1 Bb7 16. Ne4 Rad8 17. Rxd8 Rxd8 18.
Qc3 Qd7 19. h3 Na5 20. Qb4 Qc7 21. Bg3 Nc4 22. Nf6+ Kh8 23. Qc3 Qc5 24. Ne4 Qc8 25.
b3 Na5 26. Qb4 Qc7 27. c4 Nc6 28. Qc3 Qd7 29. Neg5 Kg8 30. Qe3 Nd4 31. Nxd4 Qxd4 32. Qe2 h6 33. Nf3 Qd3 34. Kh2 Bxf3 35. gxf3 Qxe2 36. Rxe2 Rd3 37. b4 Rxf3 38. Rd2 Rc3 39. Rd8+ Kh7 40. Rc8 a5 41. b5 g5 0-1

[Event "*** Titled Tuesday Blitz"]
[Site "Chess.com"]
[Date "2020.11.24"]
[Round "4"]
[White "Mr_Heisenberg13"]
[Black "Legendinunknown"]
[Result "1-0"]
[WhiteElo "2518"]
[BlackElo "2673"]
[TimeControl "180+1"]
[EndTime "10:55:23 PST"]
[Termination "Mr_Heisenberg13 won on time"]

1. e4 c6 2. d4 d5 3. e5 Bf5 4. h4 h5 5. Bg5 Qb6 6. Bd3 Bxd3 7.
Qxd3 e6 8. Nd2 Nd7 9. Ngf3 Ne7 10. Bxe7 Bxe7 11. b3 c5 12. c4 Qc6 13. O-O O-O-O 14.
Rac1 Kb8 15. dxc5 Nxc5 16. Qe2 d4 17. b4 Na4 18. a3 d3 19. Qe3 Nb6 20. c5 Nd5 21.
Qe4 Qa6 22. Nc4 f5 23. exf6 Bxf6 24. Nfe5 d2 25. Nxd2 Qxa3 26. c6 b6 27. c7+ Nxc7 28. Nc6+ Kc8 29. Nxd8 Rxd8 30. Qa8+ Kd7 31. Qc6+ Ke7 32.
Qxc7+ Rd7 33. Qc2 Qxb4 34. Nf3 Qg4 35. Rfd1 Rxd1+ 36. Rxd1 a5 37. Qc7+ Kf8 38. Qxb6 a4 39. Qa7 Kg8 40. Re1 Qc4 41. Ng5 Bxg5 42. hxg5 Kh7 43.
Qf7 a3 44. Qxe6 1-0

[Event "*** Titled Tuesday Blitz"]
[Site "Chess.com"]
[Date "2020.11.24"]
[Round "4"]
[White "filipluczak05"]
[Black "vinniethepooh"]
[Result "0-1"]
[WhiteElo "2451"]
[BlackElo "2612"]
[TimeControl "180+1"]
[EndTime "10:55:23 PST"]
[Termination "vinniethepooh won by resignation"]

1. d4 Nf6 2. Bg5 d5 3. Bxf6 exf6 4. g3 c6 5. Bg2 Be6 6. e3 Nd7 7. Nd2 f5 8. Ne2 Bd6 9. Rc1 Nf6 10. a3 b5 11. Nf4 Qe7 12. Nb3 g5 13. Nd3 f4 14. O-O h5 15. exf4 gxf4 16. Nxf4 Bxf4 17. gxf4 h4 18. Re1 h3 19. Bf3 Rg8+ 20. Kh1 Ne4 21. Qe2 O-O-O 22. Nc5 f5 23. Nxe6 Qxe6 24. b3 Qh6 25.
Qe3 Rde8 26. c4 Qxf4 27. Bxe4 Rxe4 28. Qxf4 Rxf4 29. Re2 bxc4 30. bxc4 Rxd4 31. cxd5 Rxd5 32. Rxc6+ Kd7 33. Rc1 Rg2 34. Rg1 Rxg1+ 35. Kxg1 Rd1+ 0-1

[Event "*** Titled Tuesday Blitz"]
[Site "Chess.com"]
[Date "2020.11.24"]
[Round "4"]
[White "Sergienko_Sergey"]
[Black "GelmanAlexander"]
[Result "0-1"]
[WhiteElo "2342"]
[BlackElo "2572"]
[TimeControl "180+1"]
[EndTime "10:55:23 PST"]
[Termination "GelmanAlexander won by resignation"]

1. e4 c5 2. Nf3 e6 3. d3 Nc6 4. g3 Nf6 5. Bg2 d6 6. O-O Be7 7. c3 O-O 8. Re1 Qc7 9. d4 d5 10.
e5 Ne4 11. Nbd2 Nxd2 12. Bxd2 Bd7 13. a3 a5 14. Bg5 Bxg5 15. Nxg5 cxd4 16. Qd3 g6 17.
cxd4 Qb6 18. Nf3 a4 19. Qe3 Ne7 20. g4 Kg7 21. h4 Ng8 22. h5 Rac8 23. Rac1 Rxc1 24.
Rxc1 Rc8 25. Rxc8 Bxc8 26. Qf4 Bd7 27. h6+ Nxh6 28. Qf6+ Kg8 29. Qf4 Kg7 30. Qf6+ Kf8 31. Ng5 Qxd4 32. Nxh7+ Kg8 33. Ng5 Qd1+ 34. Bf1 Qxg4+ 35.
Bg2 Qf5 36. Qd8+ Kg7 37. Nf3 Bc6 38. Qd6 Ng4 39. Qe7 Nxe5 0-1

[Event "*** Titled Tuesday Blitz"]
[Site "Chess.com"]
[Date "2020.11.24"]
[Round "4"]
[White "LikeWater"]
[Black "Gogolev_Artemy"]
[Result "1-0"]
[WhiteElo "2615"]
[BlackElo "2463"]
[TimeControl "180+1"]
[EndTime "10:55:24 PST"]
[Termination "LikeWater won by resignation"]

1. e4 c6 2. d4 d5 3. exd5 cxd5 4. c4 Nf6 5. Nc3 Nc6 6. Nf3 e6 7. c5 Be7 8. Bb5 O-O 9. O-O Qc7 10. Re1 Bd7 11. g3 a6 12. Bf4 Qc8 13. Bf1 b6 14. Na4 bxc5 15. Nb6 Qb7 16. Nxa8 Rxa8 17. b3 Ne4 18.
Rc1 cxd4 19. Nxd4 Ba3 20. Rc2 Bb4 21. Re3 g5 22. Nxc6 gxf4 23. Rxe4 Bxc6 24. Rxf4 Bd6 25. Rh4 Be7 26. Qg4+ Kh8 27. Rh6 Rg8 28. Qh5 Rg7 29. Bd3 f5 30. Rxe6 Bd7 31. Re5 Bf6 32. Re1 Kg8 33.
Bxf5 Qa7 34. Bxd7 Qxd7 35. Re8+ 1-0

[Event "*** Titled Tuesday Blitz"]
[Site "Chess.com"]
[Date "2020.11.24"]
[Round "4"]
[White "Fortitudine"]
[Black "pastouche06"]
[Result "1-0"]
[WhiteElo "2359"]
[BlackElo "2519"]
[TimeControl "180+1"]
[EndTime "10:55:24 PST"]
[Termination "Fortitudine won by resignation"]

1. c4 e6 2. Nf3 d5 3. b3 Nf6 4.
Bb2 c5 5. g3 Nc6 6. e3 d4 7.
exd4 cxd4 8. Bg2 Be7 9. O-O O-O 10. Re1 Re8 11. Ne5 Nxe5 12. Rxe5 Nd7 13. Re1 Nc5 14. d3 a5 15. Na3 f6 16. f4 Bf8 17. Nb5 e5 18. fxe5 fxe5 19. Rf1 Ra6 20. a3 Rf6 21. b4 axb4 22. axb4 Na6 23. Rxf6 Qxf6 24. c5 Bd7 25.
Na3 Kh8 26. Qd2 Nc7 27. Bxb7 Bc6 28. Bxc6 Qxc6 29. Rf1 Nd5 30. Nc4 Be7 31. Bc1 Bf6 32. Qg2 Qd7 33. b5 Nc3 34. Bd2 Qxb5 35. Nd6 Qc6 36.
Nxe8 Qxe8 37. c6 e4 38. Bxc3 dxc3 39. Qxe4 1-0

[Event "*** Titled Tuesday Blitz"]
[Site "Chess.com"]
[Date "2020.11.24"]
[Round "4"]
[White "redbaron8888"]
[Black "DanielNaroditsky"]
[Result "0-1"]
[WhiteElo "2534"]
[BlackElo "3014"]
[TimeControl "180+1"]
[EndTime "10:55:28 PST"]
[Termination "DanielNaroditsky won on time"]

1. e4 c6 2. c4 d5 3. exd5 cxd5 4.
cxd5 Nf6 5. Qa4+ Nbd7 6. Nc3 g6 7. d4 Bg7 8. Nf3 O-O 9. Be2 Nb6 10. Qa3 Nbxd5 11.
O-O b6 12. Ne5 Bb7 13. Re1 e6 14. Bd2 Nd7 15. Bf3 Nxe5 16. dxe5 Qd7 17. Nxd5 Bxd5 18.
Bb4 Rfd8 19. Be7 Re8 20. Bd6 Bxf3 21. Qxf3 Rac8 22. Rac1 Bf8 23. Bxf8 Rxf8 24. Qe3 Qd5 25. b3 Rfd8 26. h4 h5 27. Qf4 Qa5 28. a4 b5 29. axb5 Qxb5 30. Rxc8 Rxc8 31. b4 Rc4 32. Qf6 Qxb4 33. Rd1 Rd4 34. Rc1 Qb7 35. Rc3 a5 36.
Rc5 Rd5 37. Rc3 a4 38. f3 Qb6+ 39. Kh2 Qd8 40. Qf4 Rd4 41. Qg3 Qxh4+ 42. Qxh4 Rxh4+ 43. Kg3 Rb4 44. f4 Kg7 45. Rc7 a3 46. Ra7 Rb3+ 47.
Kh4 Rc3 48. g3 Rd3 49. Ra6 Rd2 50. g4 hxg4 51. Kxg4 a2 52. Kg3 Kf8 53. Kg4 Ke7 54. Kg3 Kd7 55. Kg4 Kc7 56. Kg3 Kb7 57. Ra4 Kc6 58. Kg4 Kb5 59. Ra8 Kb4 60. Kg5 Kb3 61. Kf6 Rd1 62. Kxf7 a1=Q 63. Rxa1 Rxa1 64. Kxe6 Kc4 65.
Kf6 Ra6+ 66. e6 Kd5 67. Kxg6 Kxe6 0-1

[Event "*** Titled Tuesday Blitz"]
[Site "Chess.com"]
[Date "2020.11.24"]
[Round "4"]
[White "Dinamo3"]
[Black "Semen_Khanin"]
[Result "0-1"]
[WhiteElo "2401"]
[BlackElo "2771"]
[TimeControl "180+1"]
[EndTime "10:55:29 PST"]
[Termination "Semen_Khanin won on time"]

1. e4 c6 2. Nc3 d5 3. Nf3 dxe4 4. Nxe4 Nf6 5. Qe2 Bg4 6. Nxf6+ gxf6 7. h3 Bh5 8. g4 Bg6 9. d3 Nd7 10. Bf4 e6 11. O-O-O Qa5 12. Kb1 O-O-O 13. Bg2 h5 14. Nh4 e5 15. Bd2 Bb4 16. Nxg6 fxg6 17. Bxb4 Qxb4 18. gxh5 Rxh5 19. Bf3 Rh4 20. Rdg1 g5 21. Bg4 Kb8 22. Qf3 Qe7 23. Re1 Nb6 24. Re4 Rhh8 25. Rhe1 Qd6 26. Rd1 Nd5 27. d4 Qb4 28. a3 Qb6 29. c4 Nf4 30. dxe5 fxe5 31. Rxe5 Rxd1+ 32. Qxd1 Rd8 33. Qc2 Qc7 34. Rxg5 Qe7 35. Rf5 Qe1+ 36. Ka2 Nd3 37. Rf7 a5 38. Bf5 Nc1+ 39. Kb1 Rd1 0-1

[Event "*** Titled Tuesday Blitz"]
[Site "Chess.com"]
[Date "2020.11.24"]
[Round "4"]
[White "LaPorfia"]
[Black "maxip32"]
[Result "0-1"]
[WhiteElo "2297"]
[BlackElo "2483"]
[TimeControl "180+1"]
[EndTime "10:55:29 PST"]
[Termination "maxip32 won by resignation"]

1. d4 Nf6 2. Nf3 g6 3. Nc3 d5 4.
Bf4 Bg7 5. e3 O-O 6. Ne5 c6 7. Be2 Nbd7 8. h4 h6 9. g4 Nxe5 10. Bxe5 Ne4 11. Bxg7 Nxc3 12. bxc3 Kxg7 13. h5 g5 14. f4 e6 15. Qd2 b5 16. Bd3 f6 17. Bg6 e5 18. dxe5 fxe5 19. fxe5 Qe7 20. Qd4 Be6 21. Rg1 Rf3 22. Ke2 Raf8 23. Raf1 c5 24.
Qd3 Rxf1 25. Rxf1 Bxg4+ 26. Ke1 Qxe5 27. Rxf8 Kxf8 28. Qf1+ Ke7 29. Qf7+ Kd6 30. Kd2 Qe7 31. Qg8 Kc6 32. Qa8+ Kb6 33. Qb8+ Ka5 34. Kc1 Qxe3+ 35. Kb2 Qe7 36. Qh8 d4 37. cxd4 cxd4 38. Qxd4 Qb4+ 39.
Qxb4+ Kxb4 40. c3+ Kc5 41. Kc1 Bf3 42. Kd2 g4 43. Ke3 Kc4 44. Kd2 g3 45. Ke3 g2 46.
Bd3+ Kxc3 0-1

[Event "*** Titled Tuesday Blitz"]
[Site "Chess.com"]
[Date "2020.11.24"]
[Round "4"]
[White "chessdjw"]
[Black "Oleksandr_Bortnyk"]
[Result "0-1"]
[WhiteElo "2663"]
[BlackElo "2909"]
[TimeControl "180+1"]
[EndTime "10:55:31 PST"]
[Termination "Oleksandr_Bortnyk won on time"]

1. c4 d6 2. Nc3 e5 3. d3 f5 4. g3 Nf6 5. Bg2 g6 6. Nf3 Bg7 7. b4 O-O 8. Rb1 Kh8 9. O-O c6 10. b5 Be6 11. bxc6 bxc6 12. Ba3 Bg8 13. Qa4 Qc7 14. Nd2 Rc8 15. Nb3 a5 16. Nd2 Na6 17. Rb2 Nd7 18. Rfb1 Nac5 19. Qc2 Re8 20. Na4 e4 21.
Nxc5 Nxc5 22. Bxc5 dxc5 23. Rb7 exd3 24. Qxd3 Qe5 25.
Bxc6 Rad8 26. Nf3 Qxe2 27. Qxe2 Rxe2 28. Ra7 Bxc4 29. Rbb7 Bf6 30. Rxh7+ Kg8 31. Rh6 Bf7 32. Nh4 Bxh4 33. Rxh4 Rxa2 34. Kg2 Rdd2 35. Rf4 c4 36. h4 c3 37. Bf3 c2 38. Rc7 Ra1 0-1

[Event "*** Titled Tuesday Blitz"]
[Site "Chess.com"]
[Date "2020.11.24"]
[Round "4"]
[White "Gabrielian_Artur"]
[Black "Chessdreamer2020"]
[Result "1-0"]
[WhiteElo "2766"]
[BlackElo "2514"]
[TimeControl "180+1"]
[EndTime "10:55:31 PST"]
[Termination "Gabrielian_Artur won by resignation"]

1. e4 d6 2. d4 Nf6 3. Nc3 e5 4. Nf3 Nbd7 5. Rg1 exd4 6. Nxd4 Nc5 7. f3 Be7 8. Be3 O-O 9. Qd2 c6 10. g4 Nfd7 11. O-O-O Qa5 12. Kb1 Kh8 13. Nf5 Bf6 14. Bd4 Bxd4 15. Qxd4 Ne5 16. Qxd6 Bxf5 17. Qxe5 Be6 18.
a3 Rad8 19. Be2 f6 20. Qf4 b5 21. Rxd8 Rxd8 22. Rd1 h6 23. Rxd8+ Qxd8 24. Kc1 Qd4 25. Nd1 Bc4 26. Qd2 Qe5 27. Bxc4 bxc4 28. Nc3 Ne6 29. Kb1 Kh7 30. h4 h5 31. gxh5 Qxh5 32. Qf2 Nf4 33.
Qxa7 Qxf3 34. a4 Qf1+ 35. Ka2 Qg2 36. Qe3 Ne6 37. Qe2 Qg4 38. Qxg4 1-0

[Event "*** Titled Tuesday Blitz"]
[Site "Chess.com"]
[Date "2020.11.24"]
[Round "4"]
[White "kot60"]
[Black "albi1999"]
[Result "1-0"]
[WhiteElo "2471"]
[BlackElo "2596"]
[TimeControl "180+1"]
[EndTime "10:55:31 PST"]
[Termination "kot60 won by resignation"]

1. e4 e5 2. Nc3 Nf6 3. f4 d5 4. fxe5 Nxe4 5. Qf3 f5 6. d3 Nxc3 7. bxc3 c5 8. Qg3 Nc6 9. Be2 d4 10. Bf3 dxc3 11. Bxc6+ bxc6 12. Ne2 Be6 13. O-O Qd7 14.
Be3 Rg8 15. Nxc3 g5 16. Qf2 f4 17. Bxc5 Kf7 18. Ne4 Rg6 19. a4 Kg7 20. Rab1 Be7 21. Bxe7 Qxe7 22. Nd6 Rd8 23. Rb7 Rd7 24. Qxa7 Rxb7 25. Qxb7 Qxb7 26. Nxb7 Bf5 27. Nd6 Bg4 28. a5 Re6 29. a6 Rxe5 30. Ra1 f3 31. a7 Re2 32.
gxf3 Bxf3 33. a8=Q Rg2+ 34. Kf1 Rxh2 35. Nf5+ Kg6 36.
Ne7+ Kh5 37. Qe8+ Kh4 38. Qf7 g4 39. Qxh7+ Kg3 40. Nf5+ Kf4 41. Qxh2+ Kxf5 42. Qg3 1-0

[Event "*** Titled Tuesday Blitz"]
[Site "Chess.com"]
[Date "2020.11.24"]
[Round "4"]
[White "Neftegor"]
[Black "seorobert1971"]
[Result "0-1"]
[WhiteElo "2502"]
[BlackElo "2707"]
[TimeControl "180+1"]
[EndTime "10:55:32 PST"]
[Termination "seorobert1971 won by resignation"]

1. d4 Nf6 2. c4 g6 3. Nc3 d5 4. Nf3 Bg7 5. Qb3 dxc4 6. Qxc4 O-O 7. e4 Nfd7 8. Be3 Nb6 9. Qb3 Bg4 10. Rd1 Nc6 11.
d5 Ne5 12. Be2 Nxf3+ 13. gxf3 Bh5 14. Rg1 Qc8 15. Rg3 c6 16. Rc1 Qd7 17. a4 cxd5 18. Bxb6 axb6 19. Nxd5 Qxa4 20. Qxb6 e6 21. Nc3 Qd7 22. Rd1 Qe7 23. Kf1 Rad8 24. Rxd8 Rxd8 25. Kg2 Be5 26. Qe3 Bxg3 27. hxg3 g5 28. e5 Bg6 29. f4 gxf4 30. Qxf4 Kg7 31. Bf3 h6 32. Qe3 Qg5 33. Qc5 Rd7 34. Be4 Qe7 35. Qe3 Qg5 36.
Qc5 h5 37. Bxg6 Qxg6 38. Qe3 h4 39. Ne4 hxg3 40. Nxg3 Rd5 41. Qf4 Rb5 42. b4 Rd5 43. Kg1 Qh6 44. Qg4+ Kf8 45. Qe4 Qg5 46. Qc4 b5 47. Qc8+ Kg7 48. Qc3 Qxe5 49. Qf3 Qg5 50. Kg2 Rd4 51. Qc6 Rc4 0-1

[Event "*** Titled Tuesday Blitz"]
[Site "Chess.com"]
[Date "2020.11.24"]
[Round "4"]
[White "Saylormoon"]
[Black "elohunter1999"]
[Result "0-1"]
[WhiteElo "2360"]
[BlackElo "2584"]
[TimeControl "180+1"]
[EndTime "10:55:32 PST"]
[Termination "elohunter1999 won by resignation"]

1. e4 c5 2. Nf3 g6 3. d4 cxd4 4. Qxd4 Nf6 5. Nc3 Nc6 6. Qa4 d6 7. e5 dxe5 8. Nxe5 Bg7 9. Nxc6 bxc6 10. Qxc6+ Bd7 11. Qf3 O-O 12. Be2 Qb6 13. O-O Rfc8 14. Qe3 Qc7 15. Bf3 Rab8 16. Qxe7 Re8 17. Qa3 Bg4 18.
Nd5 Nxd5 19. Bxg4 Qxc2 20. Qxa7 Rb4 21. Bf3 Bd4 22. Qa6 Nc7 23. Bd1 Bxf2+ 24. Kh1 Qxd1 25. Rxd1 Nxa6 26. a3 Rbe4 27. Bh6 Nc5 28. b4 Na4 29. g3 Re1+ 30. Rxe1 Rxe1+ 31. Rxe1 Bxe1 32. Kg2 f5 33. Kf3 Kf7 34. Ke2 Bc3 35. Kd3 Ke6 36. Kc4 Be1 37.
Kb3 Nb6 38. Be3 Nd5 39. Bc5 Kd7 40. Kc4 Nf6 41. b5 g5 42. b6 Kc6 43. a4 f4 44.
gxf4 gxf4 45. Be7 f3 0-1

[Event "*** Titled Tuesday Blitz"]
[Site "Chess.com"]
[Date "2020.11.24"]
[Round "4"]
[White "elamier"]
[Black "zverr1"]
[Result "1-0"]
[WhiteElo "2363"]
[BlackElo "2508"]
[TimeControl "180+1"]
[EndTime "10:55:34 PST"]
[Termination "elamier won by checkmate"]

1. e4 e6 2. d4 d5 3. Nd2 c5 4. exd5 exd5 5. Bb5+ Nc6 6. Qe2+ Be7 7. dxc5 Nf6 8.
Ngf3 O-O 9. Nb3 Ne4 10. O-O Re8 11. Be3 Nxc5 12. Rfd1 Ne4 13. c4 a6 14. cxd5 axb5 15. dxc6 Qc7 16. Qxb5 bxc6 17. Qh5 Be6 18. Nbd4 Bxa2 19.
Rac1 Nf6 20. Qh4 Bd5 21. Nf5 Bf8 22. Bg5 Bxf3 23. Bxf6 Bxd1 24. Rxd1 Qd7 25. Nh6+ Kh8 26. Bd4 c5 27. Qh5 Qxd4 28. Nxf7+ Kg8 29. Ng5 Qd3 30.
h3 Qg6 31. Qg4 Rad8 32. Qc4+ Kh8 33. Rxd8 Qxg5 34. Rxe8 Qf6 35. Qxc5 Qxb2 36. Qxf8# 1-0

[Event "*** Titled Tuesday Blitz"]
[Site "Chess.com"]
[Date "2020.11.24"]
[Round "4"]
[White "PattyCastillo"]
[Black "tteshan"]
[Result "0-1"]
[WhiteElo "2049"]
[BlackElo "2379"]
[TimeControl "180+1"]
[EndTime "10:55:34 PST"]
[Termination "tteshan won by resignation"]

1. d4 d5 2. Nf3 Nf6 3. e3 c5 4.
Bd3 Nc6 5. b3 Bg4 6. Bb2 e6 7.
Nbd2 Bd6 8. O-O O-O 9. Qb1 b6 10. a3 Rc8 11. c4 cxd4 12. exd4 dxc4 13. bxc4 Bb8 14. Ne5 Bh5 15. Nxc6 Rxc6 16. Ne4 Bg6 17. Nxf6+ gxf6 18. Rd1 Rxc4 19. d5 exd5 20. Bxg6 fxg6 21. Qd3 Rc5 22. Rac1 Rxc1 23. Rxc1 Qd6 24. g3 Re8 25. Rd1 Rd8 26. Qf3 Kf7 27. h4 Qe6 28. Kg2 Be5 29.
Bc1 d4 30. h5 Qd5 31. hxg6+ hxg6 32. Qxd5+ Rxd5 33. Kf3 Ke6 34. g4 Bd6 35. Bf4 Bxf4 36. Kxf4 b5 37. Ke4 Re5+ 38. Kf4 g5+ 39. Kf3 Kd5 40. Rd3 Kc4 41. Rd1 d3 42. Rc1+ Kd4 43. Rd1 Kc3 0-1

[Event "*** Titled Tuesday Blitz"]
[Site "Chess.com"]
[Date "2020.11.24"]
[Round "4"]
[White "zmeeed67"]
[Black "esrosenberg"]
[Result "0-1"]
[WhiteElo "2397"]
[BlackElo "2159"]
[TimeControl "180+1"]
[EndTime "10:55:36 PST"]
[Termination "esrosenberg won on time"]

1. e4 c6 2. d4 d5 3. e5 c5 4. c4 e6 5. dxc5 Bxc5 6. cxd5 exd5 7. Nc3 Ne7 8. Bd3 Nbc6 9. Nf3 Bg4 10. h3 Bxf3 11. Qxf3 Nxe5 12. Bb5+ Kf8 13. Qg3 Bd6 14. Qh4 a6 15. Be2 b5 16. O-O b4 17. Nd1 Nf5 18.
Qf4 Qf6 19. Ne3 Nd4 20. Qxd4 Nf3+ 21. Bxf3 Qxd4 22. Bxd5 Re8 23. Bb3 Bb8 24. Nf5 Qe5 25.
Ng3 h5 26. h4 Ba7 27. Kh2 Rh6 28. Bxh6 gxh6 29. Rad1 Qf4 30. Rd7 Qxh4+ 31. Kg1 Re7 32. Rxe7 Qxe7 33. Nf5 Qf6 34. Ng3 Qxb2 35. Nxh5 a5 36.
Ng3 Qc3 37. Rd1 Qxg3 38. Rd2 Qc3 39. Re2 Qc1+ 40. Kh2 Bb8+ 41. g3 Qf1 0-1

[Event "*** Titled Tuesday Blitz"]
[Site "Chess.com"]
[Date "2020.11.24"]
[Round "4"]
[White "IriBu"]
[Black "TC2304"]
[Result "1/2-1/2"]
[WhiteElo "2500"]
[BlackElo "2343"]
[TimeControl "180+1"]
[EndTime "10:55:37 PST"]
[Termination "Game drawn by stalemate"]

1. e4 c5 2. Be2 Nc6 3. f4 e6 4. Nf3 d5 5. d3 Nf6 6. e5 Ng8 7. O-O Nge7 8. Be3 Nf5 9. Bf2 h5 10. Nbd2 Be7 11. a4 b6 12. c4 Bb7 13. Nb3 Qd7 14.
a5 Rd8 15. axb6 axb6 16. Qc1 O-O 17. Rd1 Ra8 18. Rxa8 Rxa8 19. d4 cxd4 20. Nfxd4 Ncxd4 21. Nxd4 Nxd4 22. Bxd4 Qc6 23. Bf3 Rc8 24. b3 g6 25.
Qe3 Bc5 26. cxd5 exd5 27. h3 Bxd4 28. Qxd4 Qc5 29. Kh2 Kg7 30. b4 Qxd4 31. Rxd4 Rd8 32.
Kg3 f6 33. exf6+ Kxf6 34. Kf2 Rc8 35. Ke3 h4 36. Bxd5 Bxd5 37. Rxd5 Rc3+ 38. Kd4 Rb3 39. Rd6+ Kf5 40. Rxb6 Kxf4 41. b5 g5 42. Kc4 Rb2 43. Rf6+ Kg3 44. Rg6 Kxg2 45. Rxg5+ Kxh3 46. Kc5 Kh2 47. b6 h3 48. Kc6 Kh1 49. b7 h2 50. Kc7 Rb3 51. Rg6 Rxb7+ 52. Kxb7 1/2-1/2

[Event "*** Titled Tuesday Blitz"]
[Site "Chess.com"]
[Date "2020.11.24"]
[Round "4"]
[White "Tenamu"]
[Black "shnitez"]
[Result "0-1"]
[WhiteElo "2313"]
[BlackElo "2496"]
[TimeControl "180+1"]
[EndTime "10:55:37 PST"]
[Termination "shnitez won by resignation"]

1. d4 Nf6 2. Nc3 d5 3. Bf4 a6 4.
e3 e6 5. a3 c5 6. Nf3 Nc6 7.
Be2 Bd6 8. dxc5 Bxc5 9. O-O O-O 10. Bg3 Qe7 11. b4 Ba7 12. Nd4 e5 13. Nf3 Rd8 14. Re1 Bf5 15. Nh4 Be6 16. Bf1 Rac8 17. Nb1 e4 18. c3 g5 19. Nd2 Bb8 20. f4 h6 21. Nb3 Bg4 22. Be2 Bxe2 23. Qxe2 gxh4 24.
Bxh4 Qe6 25. f5 Qe5 26. g3 Ne7 27. Nd4 Rxc3 28. g4 Rxe3 29. Qxe3 Qxh2+ 30. Kf1 Qxh4 31. Ke2 Nxg4 32. Qg1 h5 33. Qg2 Be5 34. Rad1 Bxd4 35. Rxd4 Nxf5 36. Rd2 Kf8 37. Rc1 d4 38. Rc3 dxc3 39.
Rxd8+ Qxd8 40. Qxe4 Ng3+ 41. Kf3 Nxe4 42. Kxe4 c2 43. Kf5 c1=Q 44. Ke4 Qe3+ 0-1

[Event "*** Titled Tuesday Blitz"]
[Site "Chess.com"]
[Date "2020.11.24"]
[Round "4"]
[White "ajdemipopushi"]
[Black "MatyChess1"]
[Result "1-0"]
[WhiteElo "2450"]
[BlackElo "2592"]
[TimeControl "180+1"]
[EndTime "10:55:38 PST"]
[Termination "ajdemipopushi won by resignation"]

1. Nf3 d5 2. g3 Nd7 3. d4 Nb6 4. Bg2 Bf5 5. Nbd2 c6 6. b3 e6 7.
a4 a5 8. O-O Nf6 9. h3 h6 10.
c4 Bb4 11. Ba3 Bxa3 12. Rxa3 Qe7 13. Ra1 Qb4 14. Qc1 O-O 15. e3 Rac8 16. c5 Nbd7 17. Ne1 b6 18. e4 dxe4 19. Nc2 Qc3 20. cxb6 Nxb6 21. Re1 c5 22. Re3 Qxc2 23. Qxc2 cxd4 24. Nc4 dxe3 25. fxe3 Nxc4 26. bxc4 Rc5 27. g4 Bg6 28.
Rc1 Rfc8 29. Qd2 h5 30. g5 Rxg5 31. Kh2 Rgc5 32. Qd4 Bf5 33. Rc2 Kh7 34. Bf1 Bg6 35.
Rb2 Rf5 36. Bg2 Rfc5 37. Bf1 R5c7 38. Qb6 Nd7 39. Qxa5 Rc5 40. Qe1 Ne5 41. Qf2 Nf3+ 42. Kh1 Rg5 43. Bg2 Nh4 44. Qxh4 Rxc4 45. Qxg5 Rc1+ 46.
Kh2 1-0

[Event "*** Titled Tuesday Blitz"]
[Site "Chess.com"]
[Date "2020.11.24"]
[Round "4"]
[White "vaishali2001"]
[Black "MillyNeuf"]
[Result "1-0"]
[WhiteElo "2593"]
[BlackElo "2395"]
[TimeControl "180+1"]
[EndTime "10:55:38 PST"]
[Termination "vaishali2001 won on time"]

1. d4 Nf6 2. Bg5 d5 3. Nc3 c6 4. Qd2 Nbd7 5. f3 h6 6. Bh4 e5 7. e4 Be7 8. dxe5 Nxe5 9. O-O-O Be6 10. f4 Ng6 11. Bxf6 Bxf6 12. e5 Be7 13. Nf3 Qb6 14. Bd3 Bg4 15. e6 Bxf3 16. exf7+ Kf8 17. Bxg6 Bxd1 18.
Rxd1 Bf6 19. Re1 Be7 20. Qe2 Qc7 21. Qe6 d4 22. Ne4 Rd8 23. Ng3 Qd7 24. Qb3 b5 25. Nf5 Bf6 26. Re8+ Rxe8 27. fxe8=Q+ Qxe8 28. Bxe8 Kxe8 29. Qe6+ Kd8 30. Qd6+ Ke8 31. Qxc6+ Kf7 32. Qd7+ Kg6 33. g4 Rd8 34. Qe6 Kh7 35. Ne7 Bxe7 36. Qxe7 Rb8 37. Qe4+ Kh8 38. Qxd4 Rf8 39. f5 1-0

[Event "*** Titled Tuesday Blitz"]
[Site "Chess.com"]
[Date "2020.11.24"]
[Round "4"]
[White "zala02"]
[Black "amatatanav"]
[Result "1-0"]
[WhiteElo "2163"]
[BlackElo "2398"]
[TimeControl "180+1"]
[EndTime "10:55:38 PST"]
[Termination "zala02 won on time"]

1. d4 Nf6 2. c4 e6 3. Nc3 d5 4.
cxd5 exd5 5. Bg5 Be7 6. e3 h6 7. Bh4 O-O 8. Bd3 c6 9. Nge2 Ne4 10. Bxe7 Qxe7 11. O-O Bf5 12. Ng3 Nxg3 13. hxg3 Bxd3 14. Qxd3 Nd7 15. Rfb1 Nf6 16. b4 Ng4 17. a4 Qg5 18. Ne2 Qh5 19. Nf4 Qh2+ 20. Kf1 g5 21. Qf5 Nxe3+ 22.
fxe3 gxf4 23. Qxf4 Rfe8 24. Kf2 Re4 25. Qf5 Rxe3 26.
Kxe3 Qxg3+ 27. Qf3 Re8+ 28. Kd3 Qg6+ 29. Kc3 Re4 30. Re1 Rg4 31. Re8+ Kg7 32. Re3 Rxg2 33. Rc1 h5 34. Rd3 h4 35. Rh1 Rg3 36. Qe2 Rg4 37. Rf1 a5 38. b5 1-0

[Event "*** Titled Tuesday Blitz"]
[Site "Chess.com"]
[Date "2020.11.24"]
[Round "4"]
[White "alexrustemov"]
[Black "BlixLT"]
[Result "1-0"]
[WhiteElo "2651"]
[BlackElo "2355"]
[TimeControl "180+1"]
[EndTime "10:55:39 PST"]
[Termination "alexrustemov won on time"]

1. d4 d5 2. c4 Nc6 3. Nf3 Bg4 4. cxd5 Bxf3 5. gxf3 Qxd5 6. e3 e5 7. Nc3 Bb4 8. Bd2 Bxc3 9. bxc3 Qd6 10. Rb1 b6 11.
h4 Nge7 12. h5 O-O-O 13. Bd3 g6 14. Qb3 f5 15. Bc1 Kb8 16. Ba3 Qd7 17. hxg6 hxg6 18. Rxh8 Rxh8 19. Qf7 exd4 20. cxd4 Nxd4 21. exd4 Qxd4 22.
Kd2 Rd8 23. Rb3 Qxf2+ 24. Kc1 Qe1+ 25. Kb2 Nc6 26. Qf6 Kb7 27. Rc3 Qd2+ 28. Bc2 Qd5 29. Qxg6 Rd7 30. Bb3 Qd2+ 31. Rc2 Qd4+ 32. Kb1 Na5 33.
Qxf5 Nxb3 34. axb3 Qd1+ 35. Bc1 Qd4 36. Qe4+ Qxe4 37.
fxe4 Re7 38. Re2 c5 39. Kc2 Kc6 40. Kd3 b5 41. Ra2 Rd7+ 42. Ke3 Kb6 43. Bd2 c4 44. bxc4 bxc4 45. Ra3 Kb5 46. e5 1-0

[Event "*** Titled Tuesday Blitz"]
[Site "Chess.com"]
[Date "2020.11.24"]
[Round "4"]
[White "AryanTari"]
[Black "Rainmond"]
[Result "0-1"]
[WhiteElo "2895"]
[BlackElo "2786"]
[TimeControl "180+1"]
[EndTime "10:55:41 PST"]
[Termination "Rainmond won on time"]

1. e4 e6 2. d3 c5 3. Nf3 Nc6 4.
g3 d5 5. Nbd2 g6 6. Bg2 Bg7 7.
O-O Nf6 8. c3 Qc7 9. Qe2 O-O 10.
Re1 b5 11. e5 Nd7 12. d4 b4 13. h4 Qb6 14. Qe3 Ba6 15. h5 Ne7 16. Qg5 Nf5 17. Qg4 Rac8 18. Nf1 Bxf1 19. Rxf1 cxd4 20. cxd4 Rc2 21.
Bg5 h6 22. Bc1 g5 23. Rd1 f6 24. Ne1 Rc4 25. Be3 fxe5 26. b3 Rc3 27. Bd2 exd4 28. Bxc3 dxc3 29. Nc2 Nf6 30. Qe2 g4 31. Re1 Kf7 32.
Rad1 Nxg3 33. Qd3 Nf5 34. Re2 g3 35. Rde1 gxf2+ 36. Rxf2 Ng4 37. Rf1 Nxf2 38. Rxf2 Kg8 39. Kf1 Qd6 40. Qh3 Qe5 41. Kg1 Ng3 0-1